 Dungeon Sprint DCSS version 0.20-a0-629-gc37eb77 (webtiles) character file.

1226 Kidiri the Thaumaturge (level 8, -11/48 HPs)
             Began as a Deep Elf Fire Elementalist on Feb 10, 2017.
             Was a Believer of Vehumet.
             Mangled by Snorg (14 damage)
             ... in the Dungeon (Sprint III: "The Ten Rune Challenge").
             The game lasted 00:07:46 (1055 turns).

Kidiri the Thaumaturge (Deep Elf Fire Elementalist) Turns: 1055, Time: 00:07:47

Health: -11/48     AC:  3    Str:  3    XL:     8   Next: 23%
Magic:  15/27      EV: 16    Int: 23    God:    Vehumet [**....]
Gold:   52         SH:  0    Dex: 15    Spells: 11/34 levels left

rFire    . . .     SeeInvis .   m - +0 dagger (curse)
rCold    . . .     Gourm    .   a - +1 robe
rNeg     . . .     Faith    .   (no shield)
rPois    .         Spirit   .   (no helmet)
rElec    .         Reflect  .   (no cloak)
rCorr    .         Harm     .   (no gloves)
MR       .....     NoTele   +   (no boots)
Stlth    ++........             (no amulet)
Regen    0.2/turn               (no ring)
                                (no ring)

@: very slightly contaminated
A: mutation resistance 1, weak 1, wild magic 1, MP-powered wands
a: Renounce Religion


You were in the Dungeon.
You worshipped Vehumet.
Vehumet was pleased with you.
You were not hungry.

You visited 1 branch You collected 52 gold pieces.

Inventory:

Hand Weapons
 m - a cursed +0 dagger (weapon)
Armour
 a - a +1 robe (worn)
Scrolls
 l - a scroll of immolation
 n - 2 scrolls of remove curse
Potions
 d - 2 potions of curing
 f - a potion of haste
 g - 2 potions of magic
 h - a potion of berserk rage
 p - 2 potions of might
 s - a potion of invisibility {unknown}
 t - a potion of flight {unknown}
Comestibles
 c - a bread ration
 o - 4 fruits
 r - 2 royal jellies


   Skills:
 + Level 4.1 Fighting
 + Level 5.0 Short Blades
 + Level 4.1 Armour
 + Level 6.6 Dodging
 - Level 2.4 Stealth
 * Level 13.5 Spellcasting
 + Level 8.1 Conjurations
 + Level 8.8 Fire Magic
 + Level 2.1 Ice Magic
 + Level 0.8 Air Magic
 + Level 0.0 Poison Magic


You had 11 spell levels left.
You knew the following spells:

 Your Spells              Type           Power        Failure   Level  Hunger
a - Flame Tongue          Conj/Fire      #####        1%          1    None
b - Throw Flame           Conj/Fire      ######       1%          2    None
c - Conjure Flame         Conj/Fire      ######..     1%          3    None
d - Inner Flame           Hex/Fire       #####...     3%          3    None
e - Sticky Flame          Conj/Fire      ######..     2%          4    None
f - Fireball              Conj/Fire      ######....   8%          5    ###....
g - Freeze                Ice            ####         2%          1    None
h - Shock                 Conj/Air       ####         1%          1    None
i - Ignite Poison         Fire/Tmut/Pois #####...     8%          3    None


Dungeon Overview and Level Annotations

Branches:
Dungeon (1/1)

Altars:
Cheibriados
Dithmenos
Elyvilon
Fedhas
Gozag
Hepliaklqana
Kikubaaqudgha
Makhleb
Nemelex Xobeh
Okawaru
Qazlal
Ru
Sif Muna
Trog
Uskayaw
Vehumet
Xom
Yredelemnul
Zin
The Shining One
Beogh
Jiyva
Lugonu

Annotations:
D Snorg


Innate Abilities, Weirdness & Mutations

You are somewhat resistant to further mutation.
You are weak. (Str -2)
Your spells are a little harder to cast, but a little more powerful.
You expend magic power (3 MP) to strengthen your wands.


Message History

Unknown command.
Casting: Fireball
Confirm with . or Enter, or press ? or * to list all spells.
Aiming: Sticky Flame
Press: ? - help, Shift-Dir - straight line, f/p - Snorg
Aim: Snorg (flame, severely wounded, berserk, fast, unusually strong)
The sticky flame hits Snorg.
Snorg is severely wounded.
Snorg is covered in liquid flames!
Snorg burns!
Snorg is engulfed in blazing flames.
Snorg bites you!!
* * * LOW HITPOINT WARNING * * *
Snorg closely misses you. Snorg completely misses you.
Snorg is engulfed in blazing flames.
Snorg misses you. Snorg barely misses you. x2
Okay, then.
Unknown command.
You hear a shout!
Snorg burns!
Snorg burns!
Snorg closely misses you. Snorg barely misses you. Snorg claws you!
You die...

▓▓▓▓▓▓▓▓▓ ▓▓▓ ▓<..#...####
##.#########
▓...#......#####..#___#__[#
▓..##....[..#..#..#)..#__.#
▓##.##.##...#..#..###+#+###
##.##.###..##+#..#........
▓#.####.##..###...'.⌠......
▓.###..##..####..)#...#####
▓#.....##.@###....#.⌠.#__#.
###..##..T##.....#...#__#.
##..##....#......#+###__#.
#..###..##.#.....#.:.#__#.
#..# #..#####....#___#__+.
▓▓▓▓ ▓▓▓▓ ▓▓▓▓▓▓▓▓▓▓▓▓▓▓ ≈
≈ *


You could see Snorg (berserk).

Vanquished Creatures
  A deep elf mage (D)
  A shadow (D)
  A spatial vortex (D)
  A necrophage (D)
  A water elemental (D)
  A wizard (D)
  A jelly (D)
  Jessica (D)
  A necromancer (D)
  3 humans (D)
  A kobold demonologist (D)
  A wolf (D)
  2 oozes (D)
  A rat (D)
17 creatures vanquished.

Vanquished Creatures (others)
  2 draconian scorchers (D)
  6 hellions (D)
  2 yaktaurs (D)
10 creatures vanquished.

Grand Total: 27 creatures vanquished

Notes
Turn   | Place    | Note
-------+----------+-------------------------------------------
     0 | D        | Kidiri the Deep Elf Fire Elementalist began the quest for the Orb.
     0 | D        | Reached XP level 1. HP: 10/10 MP: 6/6
     9 | D        | Reached skill level 4 in Spellcasting
    50 | D        | Reached skill level 5 in Spellcasting
    50 | D        | Reached XP level 2. HP: 15/15 MP: 6/10
    54 | D        | Learned a level 2 spell: Throw Flame
    73 | D        | Killed a yaktaur
    76 | D        | Killed a yaktaur
    91 | D        | Noticed Jessica
    94 | D        | Killed Jessica
    94 | D        | Reached skill level 6 in Spellcasting
    94 | D        | Reached XP level 3. HP: 19/19 MP: 4/13
    99 | D        | Learned a level 3 spell: Conjure Flame
   101 | D        | Killed a hellion
   103 | D        | Learned a level 3 spell: Inner Flame
   156 | D        | Killed a hellion
   163 | D        | Killed a hellion
   165 | D        | Killed a hellion
   187 | D        | Killed a hellion
   194 | D        | Killed a white draconian scorcher
   208 | D        | Killed a white draconian scorcher
   229 | D        | Reached skill level 7 in Spellcasting
   229 | D        | Reached skill level 5 in Fire Magic
   246 | D        | Killed a hellion
   306 | D        | Reached XP level 4. HP: 24/24 MP: 11/15
   315 | D        | Learned a level 4 spell: Sticky Flame
   331 | D        | Gained mutation: Your spells are a little harder to cast, but a little more powerful. [potion of mutation]
   331 | D        | Gained mutation: Your muscles are strong. (Str +2) [potion of mutation]
   332 | D        | Lost mutation: Your spells are a little harder to cast, but a little more powerful. [potion of mutation]
   332 | D        | Lost mutation: Your muscles are strong. (Str +2) [potion of mutation]
   332 | D        | Gained mutation: You expend magic power (3 MP) to strengthen your wands. [potion of mutation]
   332 | D        | Gained mutation: You are resistant to hostile enchantments. (MR+) [potion of mutation]
   332 | D        | Gained mutation: You tend to lose your temper in combat. [potion of mutation]
   332 | D        | Gained mutation: You passively map a small area around you. [potion of mutation]
   333 | D        | Lost mutation: You tend to lose your temper in combat. [potion of mutation]
   333 | D        | Lost mutation: You passively map a small area around you. [potion of mutation]
   333 | D        | Lost mutation: You are resistant to hostile enchantments. (MR+) [potion of mutation]
   333 | D        | Gained mutation: You are weak. (Str -2) [potion of mutation]
   333 | D        | Gained mutation: You are somewhat resistant to further mutation. [potion of mutation]
   333 | D        | Gained mutation: Your spells are a little harder to cast, but a little more powerful. [potion of mutation]
   344 | D        | Noticed a water elemental
   346 | D        | Killed a water elemental
   346 | D        | Reached skill level 9 in Spellcasting
   346 | D        | Reached skill level 5 in Conjurations
   404 | D        | Found a radiant altar of Vehumet.
   405 | D        | Found a deep blue altar of Sif Muna.
   405 | D        | Found an ancient bone altar of Kikubaaqudgha.
   405 | D        | Noticed a wizard
   406 | D        | Killed a wizard
   406 | D        | Reached XP level 5. HP: 28/28 MP: 14/19
   408 | D        | Reached skill level 10 in Spellcasting
   425 | D        | Became a worshipper of Vehumet
   435 | D        | Learned a level 5 spell: Fireball
   470 | D        | Found a glowing silver altar of Zin.
   471 | D        | Found a glowing golden altar of the Shining One.
   471 | D        | Found a white marble altar of Elyvilon.
   471 | D        | Noticed a deep elf mage
   478 | D        | Killed a deep elf mage
   478 | D        | Reached skill level 5 in Dodging
   478 | D        | Reached skill level 12 in Spellcasting
   478 | D        | Reached XP level 6. HP: 21/36 MP: 8/23
   478 | D        | Reached XP level 7. HP: 23/40 MP: 8/24
   606 | D        | Found a hide-covered altar of Uskayaw.
   606 | D        | Found a roughly hewn altar of Beogh.
   606 | D        | Found an iron altar of Okawaru.
   606 | D        | Found a bloodstained altar of Trog.
   606 | D        | Noticed a human
   609 | D        | Noticed a human
   613 | D        | Killed a human
   623 | D        | Killed a human
   623 | D        | Reached * piety under Vehumet
   623 | D        | Offered knowledge of Freeze by Vehumet.
   623 | D        | Reached skill level 13 in Spellcasting
   626 | D        | Learned a level 1 spell: Freeze
   755 | D        | Found a basalt altar of Yredelemnul.
   755 | D        | Found a shadowy altar of Dithmenos.
   755 | D        | Found a sacrificial altar of Ru.
   807 | D        | Noticed a shadow
   807 | D        | Reached ** piety under Vehumet
   807 | D        | Offered knowledge of Shock by Vehumet.
   807 | D        | Reached skill level 1 in Ice Magic
   816 | D        | Killed a shadow
   816 | D        | Reached XP level 8. HP: 48/48 MP: 9/27
   819 | D        | Learned a level 1 spell: Shock
   917 | D        | Found a blossoming altar of Fedhas.
   917 | D        | Found a stormy altar of Qazlal.
   917 | D        | Found a snail-covered altar of Cheibriados.
   917 | D        | Found a burning altar of Makhleb.
   917 | D        | Found a shimmering altar of Xom.
   918 | D        | Found a hazy altar of Hepliaklqana.
   918 | D        | Found an opulent altar of Gozag.
   918 | D        | Found a sparkling altar of Nemelex Xobeh.
   918 | D        | Found a corrupted altar of Lugonu.
   918 | D        | Found a viscous altar of Jiyva.
   939 | D        | Offered knowledge of Ignite Poison by Vehumet.
   939 | D        | Reached skill level 5 in Short Blades
   944 | D        | Learned a level 3 spell: Ignite Poison
  1027 | D        | Noticed Snorg
  1052 | D        | HP: 2/48 [Snorg (18)]
  1055 | D        | Mangled by Snorg

Vault maps used:
D:        dungeon_sprint_mu

Skill      XL: |  1  2  3  4  5  6  7  8 |
---------------+-------------------------+-----
Spellcasting   | 5 6 7 9 12 13 | 13.5
Conjurations   | 2 3 4 5 7 8 |  8.1
Fire Magic     | 4 5 6 8 |  8.8
Fighting       | 2 4 |  4.1
Short Blades   | 3 4 5 |  5.0
Armour         | 2 4 |  4.1
Dodging        | 5 6 |  6.6
Ice Magic      | 1 2 |  2.1
Stealth        | |  2.4
Air Magic      | |  0.8

Action                   |  1- 3 |  4- 6 |  7- 9 || total
-------------------------+-------+-------+-------++-------
Melee: Dagger            |       |     1 |     1 ||     2
 Cast: Flame Tongue      |    12 |     6 |    39 ||    57
       Throw Flame       |     4 |       |     2 ||     6
       Conjure Flame     |     1 |       |     2 ||     3
       Sticky Flame      |       |     3 |     7 ||    10
       Fireball          |       |       |     1 ||     1
       Freeze            |       |       |     1 ||     1
  Use: Scroll            |       |     4 |     1 ||     5
       Potion            |       |     3 |     1 ||     4
  Eat: Chunk             |       |       |     1 ||     1
Armor: Robe              |       |     1 |     1 ||     2
Dodge: Dodged            |     1 |     1 |    25 ||    27
